 Dungeon Crawl Stone Soup version 0.25-a0-737-g26c3a87c45 (webtiles) character file.

Game seed: 15558636789180266400, levelgen mode: deterministic

210723 tilp the Tortoise (level 19, -6/146 HPs)
             Began as a Gnoll Wanderer on Apr 10, 2020.
             Was the Champion of Cheibriados.
             Killed from afar by a shock serpent (31 damage)
             ... with a bolt of electricity
             ... on level 4 of the Snake Pit on Apr 12, 2020.
             The game lasted 01:51:52 (30589 turns).

tilp the Tortoise (Gnoll Wanderer)                 Turns: 30589, Time: 01:51:53

Health: -6/146     AC: 16    Str: 30    XL:     19   Next: 27%
Magic:  4/14       EV: 24    Int: 38    God:    Cheibriados [******]
Gold:   1445       SH: 15    Dex: 27    Spells: 18/41 levels left

rFire    + + .     SeeInvis +   e - +6 scimitar "Erribynt" {antimagic, *Contam rF++ rC+}
rCold    + . .     Gourm    .   s - +0 kite shield of Knowledge {rPois MP+9 SInv Stlth+}
rNeg     . . .     Faith    .   (no armour)
rPois    +         Spirit   .   i - +2 hat
rElec    .         Reflect  .   d - +2 cloak
rCorr    .         Harm     .   M - +2 pair of gloves
MR       +....                  Z - +2 pair of boots {Fly}
Stlth    +++++++...             q - amulet of regeneration
HPRegen  0.74/turn              j - +3 ring of protection
MPRegen  0.14/turn              O - +6 ring of slaying

@: lethally poisoned (-6 -> -6), flying, studying Armour, very slow
A: distributed training, fangs 1, clumsy 1, strong nose
a: Bend Time, Temporal Distortion, Slouch, Step From Time, Renounce Religion


You were on level 4 of the Snake Pit.
You worshipped Cheibriados.
Cheibriados was exalted by your worship.
You were near starving.

You visited 5 branches of the dungeon, and saw 28 of its levels.
You visited 1 bazaar.
You also visited: Ossuary, Bailey and Ice Cave.

You collected 3928 gold pieces.
You spent 2483 gold pieces at shops.

Inventory:

Hand Weapons
 e - the +6 scimitar "Erribynt" (weapon) {antimagic, *Contam rF++ rC+}
   (You acquired it on level 6 of the Lair of Beasts)

   It reduces the magical energy of the wielder, and disrupts the spells and
   magical abilities of those hit.
   Natural abilities and divine invocations are not affected.
   It greatly protects you from fire.
   It protects you from cold.
   It causes magical contamination when unequipped.
Missiles
 l - 76 poisoned darts (quivered)
 m - 2 throwing nets {!f}
 H - 19 javelins
 V - 10 silver javelins
Armour
 d - a +2 cloak (worn)
 g - a +2 crystal plate armour
 i - a +2 hat (worn)
 s - the +0 kite shield of Knowledge (worn) {rPois MP+9 SInv Stlth+}
   (You found it on level 12 of the Dungeon)

   It protects you from poison.
   It affects your magic capacity (+9).
   It lets you see invisible.
   It makes you more stealthy.
 y - a +3 chain mail of poison resistance
 M - a +2 pair of gloves (worn)
 R - a +1 plate armour of magic resistance
 Z - a +2 pair of boots of flying (worn)
Jewellery
 j - a +3 ring of protection (left hand)
 q - an amulet of regeneration (around neck)
 r - an uncursed ring of resist corrosion
 w - an uncursed ring of positive energy
 A - an uncursed ring of protection from cold
 O - a +6 ring of slaying (right hand)
 S - a +6 ring of intelligence
Wands
 n - a wand of acid (30)
 t - a wand of digging (15)
 D - a wand of flame (41)
 E - a wand of paralysis (22)
 P - a wand of scattershot (12)
 U - a wand of iceblast (20)
 W - a wand of enslavement (9)
Scrolls
 f - 6 scrolls of identify
 k - a scroll of enchant weapon
 p - 11 scrolls of blinking
 u - 22 scrolls of remove curse
 x - 2 scrolls of magic mapping
 I - a scroll of brand weapon
 L - 7 scrolls of teleportation
 N - 4 scrolls of fog
 Q - 2 scrolls of amnesia
 X - 4 scrolls of fear
Potions
 a - 2 potions of resistance
 h - 13 potions of curing
 o - 2 potions of cancellation
 v - 9 potions of heal wounds
 F - 6 potions of might
 G - 6 potions of mutation
 J - a potion of invisibility
 T - 2 potions of ambrosia
Books
 C - a manual of Armour
Miscellaneous
 b - a box of beasts
 z - a tin of tremorstones
 B - 3 phantom mirrors
 K - a lightning rod (4/4)
 Y - a phial of floods
Comestibles
 c - 53 rations


   Skills:
 + Level 12.0 Fighting
 + Level 11.7 Short Blades
 + Level 11.7 Long Blades
 + Level 11.7 Axes
 + Level 13.2 Maces & Flails
 + Level 11.7 Polearms
 + Level 11.7 Staves
 + Level 11.7 Slings
 + Level 11.7 Bows
 + Level 11.7 Crossbows
 + Level 11.7 Throwing
 + Level 15.8 Armour
 + Level 11.7 Dodging
 + Level 11.7 Stealth
 + Level 11.7 Shields
 + Level 11.7 Unarmed Combat
 + Level 11.7 Spellcasting
 + Level 10.0 Conjurations
 + Level 11.3 Hexes
 + Level 10.0 Charms
 + Level 10.0 Summonings
 + Level 10.0 Necromancy
 + Level 10.0 Translocations
 + Level 10.0 Transmutations
 + Level 10.0 Fire Magic
 + Level 10.0 Ice Magic
 + Level 10.0 Air Magic
 + Level 10.0 Earth Magic
 + Level 10.0 Poison Magic
 + Level 12.7 Invocations
 + Level 12.5 Evocations


You had 18 spell levels left.
You knew the following spells:

 Your Spells              Type           Power        Failure   Level  Hunger
a - Confusing Touch       Hex            #######.     1%          3    None
b - Tukima's Dance        Hex            #######.     1%          3    None
c - Blink                 Tloc           N/A          1%          2    None
d - Apportation           Tloc           ######       1%          1    None
e - Sticky Flame          Conj/Fire      #######.     1%          4    None
f - Lesser Beckoning      Tloc           #######...   1%          3    None
g - Slow                  Hex            #######.     1%          2    None
h - Summon Butterflies    Summ           #######.     1%          1    None
i - Summon Lightning Spi  Summ/Air       #######.     1%          4    None

Your spell library contained the following spells:

 Spells                   Type           Power        Failure   Level  Hunger
 Corona                   Hex            #######      1%          1    None
 Foxfire                  Conj/Fire      ####         1%          1    None
 Magic Dart               Conj           ####         1%          1    None
 Summon Small Mammal      Summ           ####         1%          1    None
 Call Imp                 Summ           #######.     1%          2    None
 Ensorcelled Hibernation  Hex/Ice        ######       1%          2    None
 Call Canine Familiar     Summ           #######.     1%          3    None
 Conjure Flame            Conj/Fire      #######.     1%          3    None
 Dazzling Flash           Conj/Hex       ######       1%          3    None
 Inner Flame              Hex/Fire       #######.     1%          3    None
 Mephitic Cloud           Conj/Pois/Air  #######.     1%          3    None
 Summon Guardian Golem    Hex/Summ       #######.     1%          3    None
 Summon Ice Beast         Ice/Summ       #######.     1%          4    None
 Alistair's Intoxication  Tmut/Pois      #######.     1%          5    None
 Fireball                 Conj/Fire      #######...   1%          5    None
 Invisibility             Hex            #######.     3%          6    ###....


Dungeon Overview and Level Annotations

Branches:
Dungeon (15/15)            Temple (1/1) D:4            Lair (6/6) D:11
  Swamp (0/4) Lair:4        Snake (4/4) Lair:2        Slime (0/5) Lair:6
    Orc (2/2) D:12            Elf (0/3) Orc:2        Vaults (0/5) D:14
 Depths (0/5) D:15        Ossuary (visited)          Bailey (visited)
  IceCv (visited)

Altars:
Ashenzari
Cheibriados
Dithmenos
Elyvilon
Fedhas
Gozag
Hepliaklqana
Kikubaaqudgha
Makhleb
Nemelex Xobeh
Okawaru
Qazlal
Ru
Sif Muna
Trog
Uskayaw
Vehumet
Wu Jian
Xom
Yredelemnul
Zin
The Shining One
Beogh

Shops:
D:6 ?   D:8 ?   D:11 *   D:13 :   Orc:1 !   Orc:2 :[(   Snake:3 =}=

Portals:
Trove: D:12 (give 14 potions of heal wounds)

Annotations:
Lair:3 exclusion: 2 oklob plants
Snake:1 1 runed translucent door, Miuwk's ghost, adept MfIE
Snake:4 exclusion: 2 doors


Innate Abilities, Weirdness & Mutations

Your experience applies equally to all skills.
You have very sharp teeth.
Your uncanny sense of smell can sniff out nearby items.
You are clumsy. (Dex -2)


Message History

You riposte.
You slash the shock serpent! Your bite misses the shock serpent.
The shock serpent is severely wounded.
The shock serpent's electric aura discharges, shocking you!
* * * LOW HITPOINT WARNING * * *
Unknown command.
You slash the shock serpent!
The shock serpent is almost dead.
The shock serpent's electric aura discharges, shocking you!
* * * LOW HITPOINT WARNING * * *
The shock serpent shoots out a bolt of lightning at you!
The bolt of electricity misses you. The bolt of electricity hits you!!
* * * LOW HITPOINT WARNING * * *
The bolt of electricity hits the shock serpent.
The shock serpent completely resists.
A naga sharpshooter comes into view. It is wielding a +0 dire flail.
Unknown command.
You feel much better.
The shock serpent shoots out a bolt of lightning at you!
The bolt of electricity hits you!!
You die...

#....... #......# #......##
#.......# #......## ##
#.......# .# #..)...# . .#
#..S...#.).# .#.
#.########†)@...#.#.+
.#..#.........N.....#.#.+
.#..#########N#######...#
.#..........)......S....##
.#.................S.....##
.#........................##
.#.........................##
.#..........................##
.#...........................##


You could see a naga warrior, a naga sharpshooter and a shock serpent.

Vanquished Creatures
  Rupert (Lair:3)
  3 nagarajas
  A frost giant (IceCv)
  Snorg (D:12)
  Josephine (D:11)
  8 naga warriors
  3 vault guards (D:14)
  10 hydras
  2 centaur warriors
  An ogre mage (D:15)
  2 death yaks (IceCv)
  6 two-headed ogres
  5 anacondas
  10 shock serpents
  7 naga sharpshooters
  4 orc high priests
  4 unseen horrors
  5 skeletal warriors (D:14)
  3 salamander mystics
  2 sea snakes (Snake:2)
  2 naga ritualists
  Pikel (D:5)
  3 wizards (D:15)
  A necromancer (D:15)
  An orc knight (D:15)
  An orange crystal statue (D:13)
  5 mana vipers
  2 wolf spider zombies (D:15)
  2 deep elf magi (D:15)
  An orc sorcerer (Orc:1)
  10 ugly things
  2 oklob plants (Lair:3)
  4 cyclopes
  4 salamanders
  3 manticores
  12 elephants
  A moth of wrath (Lair:5)
  An ice statue (IceCv)
  4 guardian serpents
  40 black mambas
  15 spiny frogs
  A gargoyle (D:15)
  9 naga magi
  A rime drake (Lair:6)
  An efreet (D:13)
  7 komodo dragons
  A demonic crawler (Lair:5)
  A queen bee (Lair:3)
  2 ice devils (D:15)
  3 meliai (D:15)
  3 hornets
  9 trolls
  Grinder (D:6)
  5 tyrant leeches (Lair:6)
  19 polar bears
  36 blink frogs
  A bog body (Lair:4)
  7 dream sheep (Lair:5)
  A slime creature (Lair:6)
  12 hippogriffs
  2 shadows
  A water elemental (D:12)
  5 wyverns
  35 yaks
  A basilisk (Lair:3)
  Sigmund (D:4)
  A fire elemental (D:12)
  7 wraiths
  A vampire (D:11)
  2 steam dragons
  7 hungry ghosts
  10 vampire mosquitoes
  Menkaure (Ossuary)
  Edmund (D:4)
  2 wargs
  2 soldier ants (D:8)
  4 swamp worms (Lair:5)
  An acid dragon (D:11)
  37 nagas
  Duvessa (D:5)
  11 water moccasins
  7 porcupines
  38 orc warriors
  The ghost of balackLT the Ruffian, an amateur TrMo (D:3)
  2 slaves (D:5)
  2 hornet zombies
  10 ice beasts
  2 black bears
  A necrophage (D:8)
  8 ogres
  4 phantoms
  7 sky beasts
  4 eyes of draining
  22 wolves
  14 centaurs
  18 crocodiles
  2 big kobolds
  27 bullfrogs
  Blork the orc (D:4)
  Dowan (D:5)
  2 elf skeletons (D:8)
  6 scorpions
  3 troll zombies (D:12)
  36 killer bees
  11 wights
  An electric eel (D:11)
  3 centaur zombies
  10 crimson imps
  A bullfrog zombie (D:10)
  7 hounds
  A lava snake (D:12)
  5 bullfrog skeletons
  Crazy Yiuf (D:2)
  A human zombie (D:8)
  8 jellies
  27 orc priests
  29 orc wizards
  10 centaur skeletons
  3 human skeletons (D:8)
  13 worker ants
  8 iguanas
  2 hell rats (D:8)
  5 ogre zombies (D:12)
  A bullfrog simulacrum (D:11)
  A hound zombie (D:8)
  3 mummies (Ossuary)
  A worker ant zombie (D:6)
  7 gnolls
  9 adders
  6 river rats (D:8)
  5 shadow imps
  2 white imps (D:11)
  A worker ant simulacrum (D:11)
  An ufetubus (D:11)
  An adder zombie (D:6)
  3 adder skeletons
  4 worms
  A dart slug (D:1)
  7 leopard geckos
  130 orcs
  2 ball pythons
  6 giant cockroaches
  5 gnoll zombies (Ossuary)
  6 goblins
  11 hobgoblins
  17 jackals
  18 kobolds
  12 quokkas
  7 bats
  4 frilled lizards
  6 gnoll skeletons (Ossuary)
  6 goblin skeletons (Ossuary)
  2 goblin zombies (Ossuary)
  5 hobgoblin skeletons
  7 hobgoblin zombies
  2 jackal skeletons
  6 kobold skeletons (Ossuary)
  5 kobold zombies (Ossuary)
  A leopard gecko skeleton (D:6)
  2 orc skeletons
  20 orc zombies
  A quokka skeleton (D:4)
  43 rats
  4 rat skeletons (Ossuary)
  4 rat zombies (Ossuary)
  A plant (Lair:3)
1197 creatures vanquished.

Vanquished Creatures (collateral kills)
  A vault guard (D:14)
  A naga sharpshooter (Snake:3)
  A naga ritualist (Snake:3)
  An orc knight (Orc:1)
  3 salamanders
  A soldier ant (D:14)
  3 nagas
  An orc warrior (Orc:1)
  An orc (Orc:1)
13 creatures vanquished.

Vanquished Creatures (others)
  An orc warlord (Orc:2)
  A dancing weapon (Snake:1)
  2 polar bears (IceCv)
  2 yaks (IceCv)
  A warg (Orc:2)
  An ogre (Orc:1)
  2 wolves (IceCv)
  A goblin zombie (Ossuary)
  A kobold zombie (Ossuary)
  8 fungi
  51 plants
71 creatures vanquished.

Grand Total: 1281 creatures vanquished

Notes
Turn   | Place    | Note
-------+----------+-------------------------------------------
     0 | D:1      | tilp the Gnoll Wanderer began the quest for the Orb.
     0 | D:1      | tilp set off with the following items: a +0 mace, a +0 ring
                  | mail, a ration; and the following spell memorised: Corona;
                  | and the following spells available to memorise: Confusing
                  | Touch, Tukima's Dance, Ensorcelled Hibernation, Dazzling
                  | Flash
     0 | D:1      | Reached XP level 1. HP: 17/17 MP: 3/3
   198 | D:1      | Reached XP level 2. HP: 23/23 MP: 5/5
   952 | D:1      | Reached XP level 3. HP: 24/28 MP: 6/6
   992 | D:2      | Found an opulent altar of Gozag.
  1010 | D:2      | Found a white marble altar of Elyvilon.
  1126 | D:2      | Reached skill level 1 in Invocations
  1259 | D:2      | Reached skill level 1 in Short Blades
  1259 | D:2      | Reached skill level 1 in Long Blades
  1259 | D:2      | Reached skill level 1 in Axes
  1259 | D:2      | Reached skill level 1 in Polearms
  1259 | D:2      | Reached skill level 1 in Staves
  1259 | D:2      | Reached skill level 1 in Slings
  1259 | D:2      | Reached skill level 1 in Bows
  1259 | D:2      | Reached skill level 1 in Crossbows
  1259 | D:2      | Reached skill level 1 in Throwing
  1259 | D:2      | Reached skill level 1 in Dodging
  1259 | D:2      | Reached skill level 1 in Stealth
  1259 | D:2      | Reached skill level 1 in Shields
  1259 | D:2      | Reached skill level 1 in Unarmed Combat
  1259 | D:2      | Reached skill level 1 in Spellcasting
  1350 | D:2      | Reached XP level 4. HP: 34/34 MP: 7/7
  1649 | D:2      | Found a runed translucent door.
  1650 | D:2      | Noticed Crazy Yiuf
  1821 | D:2      | Learned a level 3 spell: Confusing Touch
  1824 | D:2      | Learned a level 2 spell: Ensorcelled Hibernation
  1892 | D:3      | Reached skill level 1 in Conjurations
  1892 | D:3      | Reached skill level 1 in Charms
  1892 | D:3      | Reached skill level 1 in Summonings
  1892 | D:3      | Reached skill level 1 in Necromancy
  1892 | D:3      | Reached skill level 1 in Translocations
  1892 | D:3      | Reached skill level 1 in Transmutations
  1892 | D:3      | Reached skill level 1 in Fire Magic
  1892 | D:3      | Reached skill level 1 in Ice Magic
  1892 | D:3      | Reached skill level 1 in Air Magic
  1892 | D:3      | Reached skill level 1 in Earth Magic
  1892 | D:3      | Reached skill level 1 in Poison Magic
  2061 | D:3      | Reached XP level 5. HP: 15/40 MP: 8/8
  2223 | D:3      | Reached skill level 3 in Armour
  2277 | D:3      | Reached XP level 6. HP: 36/47 MP: 9/9
  2317 | D:3      | Learned a level 3 spell: Tukima's Dance
  2488 | D:3      | Found a runed translucent gate.
  2489 | D:3      | Found a runed translucent gate.
  2489 | D:3      | Found an opulent altar of Gozag.
  2490 | D:3      | Found a runed translucent gate.
  2492 | D:3      | Noticed balackLT's ghost (amateur TrMo)
  2740 | D:3      | Found a faded altar of an unknown god.
  2740 | D:3      | Found a faded altar of an unknown god.
  2746 | D:3      | Found a glowing silver altar of Zin.
  2748 | D:3      | Found a shadowy altar of Dithmenos.
  2750 | D:3      | Found a radiant altar of Vehumet.
  2842 | D:4      | Noticed Sigmund
  2886 | D:4      | Found a staircase to the Ecumenical Temple.
  2919 | Temple   | Entered the Ecumenical Temple
  2929 | Temple   | Became a worshipper of Cheibriados the Contemplative
  3062 | D:4      | Found a burning altar of Makhleb.
  3074 | D:4      | Reached skill level 5 in Evocations
  3144 | D:4      | Noticed Edmund
  3175 | D:4      | Killed Edmund
  3175 | D:4      | Reached XP level 7. HP: 26/52 MP: 10/10
  3355 | D:4      | Noticed Blork the orc
  3362 | D:4      | Killed Blork the orc
  3478 | D:4      | Killed Sigmund
  3666 | D:4      | Found a basalt altar of Yredelemnul.
  3686 | D:5      | Entered Level 5 of the Dungeon
  3719 | D:5      | Found a hide-covered altar of Uskayaw.
  3822 | D:5      | Noticed Duvessa
  3822 | D:5      | Noticed Dowan
  3837 | D:5      | Killed Duvessa
  3837 | D:5      | Reached skill level 4 in Armour
  3847 | D:5      | Killed Dowan
  3847 | D:5      | Reached XP level 8. HP: 23/60 MP: 12/12
  3851 | D:5      | Reached * piety under Cheibriados
  4324 | D:5      | Noticed Pikel
  4353 | D:5      | Killed Pikel
  4353 | D:5      | Reached skill level 5 in Armour
  4353 | D:5      | Reached XP level 9. HP: 28/66 MP: 12/14
  4903 | D:6      | Reached ** piety under Cheibriados
  4934 | D:6      | Reached skill level 6 in Armour
  4972 | D:6      | Reached skill level 5 in Fighting
  5090 | D:6      | Noticed Grinder
  5116 | D:6      | Killed Grinder
  5256 | D:6      | Found Sopsir's Magic Scroll Shoppe.
  5263 | D:6      | Bought a scroll of identify for 22 gold pieces
  5263 | D:6      | Bought a scroll of teleportation for 33 gold pieces
  5263 | D:6      | Bought a scroll of enchant armour for 82 gold pieces
  5263 | D:6      | Bought a scroll of enchant armour for 82 gold pieces
  5263 | D:6      | Bought a scroll of fog for 22 gold pieces
  5436 | D:7      | Reached skill level 5 in Invocations
  5507 | D:7      | Found a bloodstained altar of Trog.
  5624 | D:7      | Reached *** piety under Cheibriados
  5831 | D:7      | Reached XP level 10. HP: 74/74 MP: 17/17
  6009 | D:8      | Reached skill level 7 in Armour
  6060 | D:8      | Found a sand-covered staircase.
  6071 | Ossuary  | Entered an ossuary
  6236 | Ossuary  | Reached **** piety under Cheibriados
  6397 | Ossuary  | Noticed Menkaure
  6400 | Ossuary  | Killed Menkaure
  6510 | D:8      | Reached skill level 5 in Short Blades
  6510 | D:8      | Reached skill level 5 in Long Blades
  6510 | D:8      | Reached skill level 5 in Axes
  6510 | D:8      | Reached skill level 5 in Polearms
  6510 | D:8      | Reached skill level 5 in Staves
  6510 | D:8      | Reached skill level 5 in Slings
  6510 | D:8      | Reached skill level 5 in Bows
  6510 | D:8      | Reached skill level 5 in Crossbows
  6510 | D:8      | Reached skill level 5 in Throwing
  6510 | D:8      | Reached skill level 5 in Dodging
  6510 | D:8      | Reached skill level 5 in Stealth
  6510 | D:8      | Reached skill level 5 in Shields
  6510 | D:8      | Reached skill level 5 in Unarmed Combat
  6510 | D:8      | Reached skill level 5 in Spellcasting
  6575 | D:8      | Found Luge's Magic Scroll Emporium.
  6579 | D:8      | Bought a scroll of teleportation for 30 gold pieces
  6579 | D:8      | Bought a scroll of blinking for 75 gold pieces
  6652 | D:8      | Reached ***** piety under Cheibriados
  7080 | D:8      | Paralysed by a hornet for 3 turns
  7312 | D:8      | Found a sacrificial altar of Ru.
  7565 | D:8      | Found a glowing golden altar of the Shining One.
  7726 | D:8      | Bought a scroll of identify for 20 gold pieces
  7726 | D:8      | Bought a scroll of identify for 20 gold pieces
  7726 | D:8      | Bought a scroll of identify for 20 gold pieces
  7989 | D:9      | Reached skill level 8 in Armour
  8151 | D:9      | Reached ****** piety under Cheibriados
  8156 | D:9      | Reached XP level 11. HP: 81/81 MP: 19/19
  8437 | D:10     | Entered Level 10 of the Dungeon
  9076 | D:11     | Killed an unseen horror
  9076 | D:11     | Reached skill level 5 in Conjurations
  9076 | D:11     | Reached skill level 5 in Charms
  9076 | D:11     | Reached skill level 5 in Summonings
  9076 | D:11     | Reached skill level 5 in Necromancy
  9076 | D:11     | Reached skill level 5 in Translocations
  9076 | D:11     | Reached skill level 5 in Transmutations
  9076 | D:11     | Reached skill level 5 in Fire Magic
  9076 | D:11     | Reached skill level 5 in Ice Magic
  9076 | D:11     | Reached skill level 5 in Air Magic
  9076 | D:11     | Reached skill level 5 in Earth Magic
  9076 | D:11     | Reached skill level 5 in Poison Magic
  9231 | D:11     | Found a staircase to the Lair.
  9276 | D:11     | Noticed an eight-headed hydra
  9282 | D:11     | Killed an eight-headed hydra
  9282 | D:11     | Reached skill level 9 in Armour
  9721 | D:11     | Killed an unseen horror
 10083 | D:11     | Reached XP level 12. HP: 85/91 MP: 22/22
 10091 | D:11     | Noticed Josephine
 10105 | D:11     | Killed Josephine
 10303 | D:11     | Found Elaevaer's Assorted Antiques.
 10311 | D:11     | Bought a glowing buckler for 165 gold pieces
 10445 | Lair:1   | Entered Level 1 of the Lair of Beasts
 10446 | Lair:1   | Upgraded the game from 0.25-a0-734-g73332aeda9 to
                  | 0.25-a0-737-g26c3a87c45
 10691 | Lair:1   | Reached skill level 10 in Armour
 10864 | Lair:1   | Noticed a six-headed hydra
 10873 | Lair:1   | Killed a six-headed hydra
 11204 | Lair:1   | You fall into a shaft and drop 1 floor!
 11878 | D:8      | Bought a scroll of enchant armour for 75 gold pieces
 11878 | D:8      | Bought a scroll of magic mapping for 35 gold pieces
 12152 | Lair:2   | Found a staircase to the Snake Pit.
 13041 | Lair:3   | Noticed Rupert
 13055 | Lair:3   | Killed Rupert
 13055 | Lair:3   | Reached skill level 10 in Maces & Flails
 13071 | Lair:3   | Reached XP level 13. HP: 98/98 MP: 17/24
 13227 | Lair:3   | Reached skill level 11 in Armour
 14822 | Lair:4   | Found a staircase to the Swamp.
 15848 | Lair:5   | Reached skill level 12 in Armour
 15848 | Lair:5   | Reached XP level 14. HP: 89/108 MP: 26/26
 16314 | Lair:6   | Entered Level 6 of the Lair of Beasts
 16380 | Lair:6   | Reached skill level 10 in Evocations
 16989 | Lair:6   | Reached skill level 10 in Invocations
 17150 | Lair:6   | Identified a scroll of acquirement
 17152 | Lair:6   | Identified the +6 scimitar "Erribynt" {antimagic, *Contam
                  | rF++ rC+} (You acquired it on level 6 of the Lair of
                  | Beasts)
 17152 | Lair:6   | Identified the ring of Bialag Moniw {Wiz rC+} (You acquired
                  | it on level 6 of the Lair of Beasts)
 17156 | Lair:6   | Gained mutation: You are clumsy. (Dex -2) [mutagenic glow]
 17514 | Lair:6   | Found a staircase to the Slime Pits.
 18019 | D:6      | Bought a scroll of enchant armour for 82 gold pieces
 18145 | D:2      | Killed Crazy Yiuf
 18230 | D:3      | Killed balackLT's ghost
 18598 | D:12     | Identified the +3 ring mail "Echylell" {Str+2 Int-4 Dex+2}
                  | (You found it on level 12 of the Dungeon)
 18620 | D:12     | Found a portal to a secret trove of treasure.
 18648 | D:12     | Identified the +0 scale mail of Mocyamonk {Int+2} (You
                  | found it on level 12 of the Dungeon)
 18834 | D:12     | Identified the cursed +0 kite shield of Knowledge {rPois
                  | MP+9 SInv Stlth+} (You found it on level 12 of the Dungeon)
 18853 | D:12     | Noticed Snorg
 18869 | D:12     | Killed Snorg
 18869 | D:12     | Reached skill level 13 in Armour
 18940 | D:12     | Found a staircase to the Orcish Mines.
 19074 | D:12     | Reached XP level 15. HP: 88/115 MP: 15/28
 19239 | D:12     | You fall into a shaft and drop 3 floors!
 19239 | D:15     | Entered Level 15 of the Dungeon
 19263 | D:15     | Found a frozen archway.
 19299 | IceCv    | Entered an ice cave
 19375 | IceCv    | Identified the +4 flail "Tess" {holy, +Rage rPois MR+
                  | Str+3} (You found it in an ice cave)
 19442 | IceCv    | Reached skill level 10 in Fighting
 19899 | IceCv    | Noticed a frost giant
 19918 | IceCv    | Killed a frost giant
 20348 | D:15     | Reached skill level 10 in Hexes
 20463 | D:14     | Found a gate to the Vaults.
 20517 | D:13     | Found Oducak's Book Shop.
 20548 | D:13     | Found a shimmering altar of Xom.
 20582 | D:13     | Reached skill level 10 in Short Blades
 20582 | D:13     | Reached skill level 10 in Long Blades
 20582 | D:13     | Reached skill level 10 in Axes
 20582 | D:13     | Reached skill level 10 in Polearms
 20582 | D:13     | Reached skill level 10 in Staves
 20582 | D:13     | Reached skill level 10 in Slings
 20582 | D:13     | Reached skill level 10 in Bows
 20582 | D:13     | Reached skill level 10 in Crossbows
 20582 | D:13     | Reached skill level 10 in Throwing
 20582 | D:13     | Reached skill level 10 in Dodging
 20582 | D:13     | Reached skill level 10 in Stealth
 20582 | D:13     | Reached skill level 10 in Shields
 20582 | D:13     | Reached skill level 10 in Unarmed Combat
 20582 | D:13     | Reached skill level 10 in Spellcasting
 20612 | D:13     | Found a flagged portal.
 20630 | D:13     | Found the +8 longbow "Zephyr" {speed, Dex+3 SInv}
 20649 | Bailey   | Entered a bailey
 21081 | D:13     | Learned a level 2 spell: Blink
 21315 | Orc:1    | Entered Level 1 of the Orcish Mines
 21557 | Orc:2    | Entered Level 2 of the Orcish Mines
 21645 | Orc:2    | Found a staircase to the Elven Halls.
 21842 | Orc:2    | Found a roughly hewn altar of Beogh.
 21854 | Orc:2    | Found Joskupn's Weapon Boutique.
 21935 | Orc:2    | Found a roughly hewn altar of Beogh.
 21992 | Orc:2    | Noticed an orc warlord
 22003 | Orc:2    | Banished an orc warlord
 22119 | Orc:2    | Found Molaikhuke's Antique Armour Boutique.
 22121 | Orc:2    | Found a roughly hewn altar of Beogh.
 22228 | Orc:2    | Found Har Ciad's Antique Weapon Shop.
 22504 | Orc:2    | Found a roughly hewn altar of Beogh.
 22505 | Orc:2    | Found Weafeps's Book Boutique.
 23013 | Orc:1    | Found Cyxkuwka's Distillery.
 23023 | Orc:1    | Bought 2 potions of experience for 1600 gold pieces
 23023 | Orc:1    | Reached skill level 14 in Armour
 23023 | Orc:1    | Reached XP level 16. HP: 124/124 MP: 13/30
 23024 | Orc:1    | Reached XP level 17. HP: 130/130 MP: 13/31
 23035 | Orc:1    | Found a roughly hewn altar of Beogh.
 23167 | D:13     | Found a gateway to a bazaar.
 23616 | Bazaar   | Entered a bazaar
 23616 | Bazaar   | Found Baoleghisso's General Store.
 23628 | Bazaar   | Found Kiygg's Assorted Antiques.
 23652 | Bazaar   | Found Jiliapn's Book Shop.
 23662 | Bazaar   | Found Adoifyrph's Weapon Shop.
 23701 | Bazaar   | Bought a potion of heal wounds for 120 gold pieces
 23771 | D:14     | Identified the +7 halberd "Elyis" {antimagic, +Rage} (You
                  | found it on level 14 of the Dungeon)
 24013 | D:14     | Reached XP level 18. HP: 136/138 MP: 8/32
 24190 | D:14     | Found a blossoming altar of Fedhas.
 25145 | D:15     | Found a staircase to the Depths.
 25606 | D:15     | Learned a level 1 spell: Apportation
 25611 | D:15     | Learned a level 4 spell: Sticky Flame
 25615 | D:15     | Learned a level 3 spell: Lesser Beckoning
 25618 | D:15     | Learned a level 2 spell: Slow
 25620 | D:15     | Learned a level 1 spell: Summon Butterflies
 25772 | Snake:1  | Entered Level 1 of the Snake Pit
 26079 | Snake:1  | Reached skill level 15 in Armour
 26191 | Snake:1  | Found a runed translucent door.
 26194 | Snake:1  | Noticed Miuwk's ghost (adept MfIE)
 28932 | Snake:3  | Reached XP level 19. HP: 110/146 MP: 8/34
 29656 | Snake:3  | Reached skill level 10 in Conjurations
 29656 | Snake:3  | Reached skill level 10 in Charms
 29656 | Snake:3  | Reached skill level 10 in Summonings
 29656 | Snake:3  | Reached skill level 10 in Necromancy
 29656 | Snake:3  | Reached skill level 10 in Translocations
 29656 | Snake:3  | Reached skill level 10 in Transmutations
 29656 | Snake:3  | Reached skill level 10 in Fire Magic
 29656 | Snake:3  | Reached skill level 10 in Ice Magic
 29656 | Snake:3  | Reached skill level 10 in Air Magic
 29656 | Snake:3  | Reached skill level 10 in Earth Magic
 29656 | Snake:3  | Reached skill level 10 in Poison Magic
 29725 | Snake:3  | Learned a level 4 spell: Summon Lightning Spire
 29923 | Snake:3  | Found Lihe's Jewellery Boutique.
 29923 | Snake:3  | Found Relaqub's Gadget Emporium.
 29924 | Snake:3  | Found Qolule's Jewellery Boutique.
 29962 | Snake:4  | Entered Level 4 of the Snake Pit
 30588 | Snake:4  | HP: 1/146 [shock serpent/bolt of electricity (20)]
 30589 | Snake:4  | Killed from afar by a shock serpent

Levels and vault maps discovered:
D:1:      dpeg_arrival_prison, layout_loops_corners, serial_bayou_pond_e
D:2:      layout_rooms, elyvilon_altar_1, overflow_temple_1_default,
          serial_glass, glass_columns_a, glass_columns_c, minmay_rat_hole,
          uniq_crazy_yiuf_cottage
D:3:      layout_loops_ring, chequers_temple_overflow_minitemple,
          ebering_ghost_gozag
D:4:      layout_gridville, makhleb_heckhound_becter, kennysheep_little_box,
          minmay_temple_entry_mist, minmay_manual_monstrance, uniq_edmund,
          uniq_blork_the_orc, uniq_sigmund
D:5:      layout_gridville, eat_drink_and_be_merry_uskayaw, first_ration,
          uniq_duvessa, uniq_pikel
D:6:      layout_cave_pools, serial_glass, glass_columns_a, glass_columns_b,
          glass_columns_c, glass_columns_b, glass_columns_a, glass_columns_b,
          serial_shops, shop, uniq_grinder
D:7:      layout_loops_cross, bloody_trog
D:8:      lemuel_ratsnest, layout_basic, nicolae_ru_awakened_eye,
          nicolae_ossuary_entry_catacombs, serial_shops, shop,
          hangedman_pestilent_swarm, tso_altar
D:9:      layout_cave_pools
D:10:     layout_irregular_city
D:11:     layout_roguey, lair_entry_dummy, serial_ice, serial_ice_h,
          serial_ice_i, serial_ice_d, serial_ice_e, serial_shops,
          kennysheep_mini, uniq_josephine
D:12:     layout_irregular_city, zombieorc2_lemuel,
          nicolae_trove_entry_crossroad, nicolae_lava_and_water, uniq_snorg
D:13:     layout_cave_pools, enter_bailey_2, serial_shops, statue_bzr,
          nicolae_shop_waterfront, basic_altar
D:14:     layout_irregular_city, lightli_vaults_fourway_checkpoint,
          chequers_serial_rivers_small_3, basic_altar
D:15:     grunt_enter_depths_magical_seal, layout_stronghold,
          chequers_serial_rivers_small_a, portal_ice_cave_demonic_guard
Temple:   nicolae_temple_no_exploring_needed
Lair:1:   layout_cave_pods, chequers_serial_rivers_micro_d, grunt_megastairs_1
Lair:2:   layout_cave_pods, minmay_snake_entry_guardpost_small
Lair:3:   regret_index_harrowing_hell_hive, layout_gridlike,
          chequers_serial_rivers_room_a, minmay_lair_oklob_chamber, uniq_rupert
Lair:4:   layout_hall_layers, skrybe_swamp_entry_bodies
Lair:5:   layout_big_grid, worms_lemuel, grunt_megastairs_5,
          serial_bayou_shore_a
Lair:6:   minmay_lair_end_frog_pond, layout_misc_corridors,
          minmay_slime_entry_pillars
Snake:1:  layout_chambers, ebering_ghost_inner_flame,
          fake_guardian_serpent_vault
Snake:2:  nicolae_sea_snake_s, layout_misc_corridors
Snake:3:  layout_cave_town, drop_trap, nicolae_snake_shapes, minmay_shop_grove
Snake:4:  johnstein_snake_rune_scales, layout_cave_town
Orc:1:    layout_diamond_mine, serial_shops, shop, basic_altar,
          nicolae_orc_lava_room
Orc:2:    grunt_orc_community_town_hall, layout_caves,
          grunt_orc_community_big_house_1, grunt_orc_community_big_house_2,
          grunt_orc_community_house_1, grunt_orc_community_house_2,
          grunt_orc_community_house_2, grunt_orc_community_house_1

Skill      XL: |  1  2  3  4  5  6  7  8  9 10 11 12 13 14 15 16 17 18 19 |
---------------+----------------------------------------------------------+-----
Invocations    | 1 2 3 4 5 6 7 8 9 10 11 12 | 12.7
Short Blades   | 1 2 3 4 5 6 7 8 9 10 11 | 11.7
Long Blades    | 1 2 3 4 5 6 7 8 9 10 11 | 11.7
Axes           | 1 2 3 4 5 6 7 8 9 10 11 | 11.7
Polearms       | 1 2 3 4 5 6 7 8 9 10 11 | 11.7
Staves         | 1 2 3 4 5 6 7 8 9 10 11 | 11.7
Slings         | 1 2 3 4 5 6 7 8 9 10 11 | 11.7
Bows           | 1 2 3 4 5 6 7 8 9 10 11 | 11.7
Crossbows      | 1 2 3 4 5 6 7 8 9 10 11 | 11.7
Throwing       | 1 2 3 4 5 6 7 8 9 10 11 | 11.7
Dodging        | 1 2 3 4 5 6 7 8 9 10 11 | 11.7
Stealth        | 1 2 3 4 5 6 7 8 9 10 11 | 11.7
Shields        | 1 2 3 4 5 6 7 8 9 10 11 | 11.7
Unarmed Combat | 1 2 3 4 5 6 7 8 9 10 11 | 11.7
Spellcasting   | 1 2 3 4 5 6 7 8 9 10 11 | 11.7
Conjurations   | 1 2 3 4 5 6 7 8 9 10 | 10.0
Charms         | 1 2 3 4 5 6 7 8 9 10 | 10.0
Summonings     | 1 2 3 4 5 6 7 8 9 10 | 10.0
Necromancy     | 1 2 3 4 5 6 7 8 9 10 | 10.0
Translocations | 1 2 3 4 5 6 7 8 9 10 | 10.0
Transmutations | 1 2 3 4 5 6 7 8 9 10 | 10.0
Fire Magic     | 1 2 3 4 5 6 7 8 9 10 | 10.0
Ice Magic      | 1 2 3 4 5 6 7 8 9 10 | 10.0
Air Magic      | 1 2 3 4 5 6 7 8 9 10 | 10.0
Earth Magic    | 1 2 3 4 5 6 7 8 9 10 | 10.0
Poison Magic   | 1 2 3 4 5 6 7 8 9 10 | 10.0
Fighting       | 3 4 5 6 7 8 9 10 11 12 | 12.0
Armour         | 3 4 5 6 8 9 10 12 13 14 15 | 15.8
Evocations     | 5 6 7 8 9 10 11 12 | 12.5
Maces & Flails | 7 8 9 10 11 12 13 | 13.2
Hexes          | 6 7 8 9 10 11 | 11.3

Action                   |  1- 3 |  4- 6 |  7- 9 | 10-12 | 13-15 | 16-18 | 19-21 || total
-------------------------+-------+-------+-------+-------+-------+-------+-------++-------
Melee: Mace              |   127 |   105 |       |       |       |       |       ||   232
       Bite              |    17 |    24 |    45 |   178 |   466 |   167 |    45 ||   942
       Flail             |       |   186 |   324 |   671 |       |       |       ||  1181
       Punch             |       |     1 |     5 |    24 |       |       |       ||    30
       Short sword       |       |       |    12 |   274 |  1041 |       |       ||  1327
       War axe           |       |       |       |       |   195 |       |       ||   195
       Scimitar          |       |       |       |       |   661 |   653 |   181 ||  1495
Throw: Dart              |       |     4 |    28 |    72 |   120 |    20 |    18 ||   262
       Boomerang         |       |       |       |     3 |       |       |       ||     3
       Javelin           |       |       |       |       |    18 |    19 |       ||    37
 Cast: Confusing Touch   |       |     1 |       |       |    53 |       |       ||    54
       Tukima's Dance    |       |       |     1 |       |     4 |    16 |     8 ||    29
       Lesser Beckoning  |       |       |       |       |       |    32 |    18 ||    50
       Slow              |       |       |       |       |       |    20 |    18 ||    38
       Blink             |       |       |       |       |       |       |     1 ||     1
Invok: Slouch            |       |       |       |     3 |       |       |       ||     3
Evoke: Wand              |       |       |       |    17 |    26 |       |       ||    43
  Use: Scroll            |     2 |     8 |     6 |    14 |    17 |     3 |     3 ||    53
       Potion            |       |     1 |     2 |     3 |     6 |     1 |     3 ||    16
 Stab: Confused          |       |     2 |       |       |    49 |       |       ||    51
       Paralysed         |       |       |       |     1 |       |       |       ||     1
       Sleeping          |       |       |       |       |     5 |     6 |       ||    11
       Distracted        |       |       |       |       |     5 |     2 |     1 ||     8
  Eat: Chunk             |     2 |     5 |     7 |    15 |    20 |    12 |     1 ||    62
       Ration            |       |       |       |     1 |     2 |       |       ||     3
Armor: Ring mail         |    55 |    86 |       |       |       |       |       ||   141
       Chain mail        |       |    70 |   213 |       |   225 |   118 |    23 ||   649
       Plate armour      |       |       |    41 |   492 |   437 |   142 |       ||  1112
       Skin              |       |       |       |   100 |   131 |       |    19 ||   250
       Crystal plate arm |       |       |       |       |    34 |       |       ||    34
Dodge: Dodged            |    64 |   132 |   147 |   531 |  1044 |   328 |   129 ||  2375
Block: Buckler           |       |       |       |    80 |   574 |       |       ||   654
       Kite shield       |       |       |       |       |   655 |   462 |   150 ||  1267
       Rpst.: Scimitar   |       |       |       |       |    82 |    80 |    24 ||   186

Table legend:
 A = Non-vault XP
 B = Vault XP
 C = Vault XP percentage of total XP
 D = Non-vault monster count
 E = Vault monster count
 F = Vault count percentage of total count
                 A         B        C        D         E       F
            +---------+---------+-------+---------+---------+-------
      Total |  150546 |   76731 |  33.8 |     723 |     487 |  40.2
            +---------+---------+-------+---------+---------+-------
        D:1 |      44 |       3 |   6.4 |      17 |       2 |  10.5
        D:2 |      52 |      62 |  54.4 |      24 |      20 |  45.5
        D:3 |     219 |     168 |  43.4 |      35 |       5 |  12.5
        D:4 |     140 |     506 |  78.3 |      13 |       4 |  23.5
        D:5 |     517 |     910 |  63.8 |      15 |       3 |  16.7
        D:6 |    1307 |     286 |  18.0 |      26 |       1 |   3.7
        D:7 |     805 |       0 |   0.0 |      17 |       0 |   0.0
        D:8 |    1392 |    1134 |  44.9 |      22 |      41 |  65.1
        D:9 |    1648 |       0 |   0.0 |      43 |       0 |   0.0
       D:10 |    1711 |       0 |   0.0 |      35 |       0 |   0.0
       D:11 |    5843 |    3486 |  37.4 |      38 |      17 |  30.9
       D:12 |    5429 |    1926 |  26.2 |      41 |      36 |  46.8
       D:13 |    4593 |     625 |  12.0 |      32 |       1 |   3.0
       D:14 |   11219 |    4898 |  30.4 |      26 |      12 |  31.6
       D:15 |   15799 |    5835 |  27.0 |      38 |      11 |  22.4
     Lair:1 |    4423 |     861 |  16.3 |      18 |       3 |  14.3
     Lair:2 |    1288 |     482 |  27.2 |       6 |       3 |  33.3
     Lair:3 |    1762 |   11143 |  86.3 |      10 |      55 |  84.6
     Lair:4 |    3436 |     249 |   6.8 |      13 |       1 |   7.1
     Lair:5 |   11611 |    1986 |  14.6 |      43 |       9 |  17.3
     Lair:6 |   11439 |   10975 |  49.0 |      32 |      47 |  59.5
    Snake:1 |   13619 |     438 |   3.1 |      32 |       1 |   3.0
    Snake:2 |   16962 |    2358 |  12.2 |      31 |       6 |  16.2
    Snake:3 |   23324 |    4912 |  17.4 |      39 |       8 |  17.0
    Snake:4 |    4169 |    4019 |  49.1 |      11 |      10 |  47.6
      Orc:1 |    6071 |       0 |   0.0 |      38 |       0 |   0.0
      Orc:2 |    1724 |    5277 |  75.4 |      28 |      67 |  70.5
    Ossuary |       0 |     275 | 100.0 |       0 |      50 | 100.0
     Bailey |       0 |     862 | 100.0 |       0 |      25 | 100.0
      IceCv |       0 |   13055 | 100.0 |       0 |      49 | 100.0
            +---------+---------+-------+---------+---------+-------
